 Dungeon Crawl Stone Soup version 0.31-a0-210-gccc998df9b (webtiles) character file.

Game seed: 5718589372931651801

1684 Dittersdorf the Covered (level 9, -8/56 HPs)
             Began as a Gargoyle Fighter on June 29, 2023.
             Was an Initiate of Okawaru.
             Killed from afar by a gargoyle (20 damage)
             ... with a stone arrow
             ... on level 7 of the Dungeon.
             The game lasted 00:06:57 (5000 turns).

Dittersdorf the Covered (Gargoyle Fighter)          Turns: 5000, Time: 00:06:58

Health: -8/56      AC: 21    Str: 27    XL:     9   Next: 2%
Magic:  9/9        EV:  8    Int: 13    God:    Okawaru [......]
Gold:   373        SH: 15    Dex: 15    Spells: 8/8 levels left

rFire   + + .        a - +1 flail
rCold   . . .        k - +5 kite shield of Unoocw {rF+ Regen+ Str+3 Stlth-}
rNeg    + . .        r - +0 chain mail
rPois   ∞            (no helmet)
rElec   +            o - +2 cloak {Stlth+}
rCorr   .            u - +0 pair of gloves of the Constellations {Int+4}
SInv    .            (no boots)
Will    .....        (no amulet) Stlth
                     f - ring of protection from fire
HPRegen 1.09/turn    j - +6 ring of dexterity
MPRegen 0.11/turn

%: no passive effects
@: no status effects
A: sickness immunity, AC +6, negative energy resistance 1, electricity
resistance, torment resistance 1, petrification resistance
a: Renounce Religion


You were on level 7 of the Dungeon.
You worshipped Okawaru.
Okawaru was noncommittal.
You visited 2 branches of the dungeon, and saw 8 of its levels.

You collected 373 gold pieces.

Inventory:

Hand Weapons
 a - a +1 flail (weapon)
Missiles
 l - 2 throwing nets
 v - 2 curare-tipped darts (quivered)
Armour
 k - the +5 kite shield of Unoocw (worn) {rF+ Regen+ Str+3 Stlth-}
   (You acquired it on level 4 of the Dungeon)

   Str:       It affects your strength (+3).
   rF:        It protects you from fire.
   Regen:     It increases your rate of health regeneration.
   Stlth:     It makes you less stealthy.
 o - a +2 cloak of stealth (worn)
 r - a +0 chain mail (worn)
 u - the +0 pair of gloves of the Constellations (worn) {Int+4}
   (You found it on level 6 of the Dungeon)

   Int:       It affects your intelligence (+4).
Jewellery
 f - a ring of protection from fire (left hand)
 j - a +6 ring of dexterity (right hand)
 t - a +6 ring of intelligence
Scrolls
 e - 2 scrolls of fog
 h - 2 scrolls of teleportation
Potions
 c - a potion of brilliance
 d - 4 potions of might
 g - 2 potions of haste
 i - 3 potions of mutation
 m - 3 potions of curing {unknown}
 p - a potion of magic {unknown}
 q - a potion of berserk rage
 s - 3 potions of enlightenment


   Skills:
 + Level 6.9 Fighting
 + Level 5.9 Maces & Flails
 + Level 7.0 Armour
 + Level 6.9 Shields


You had 8 spell levels left.
You didn't know any spells.
Your spell library contained the following spells:

 Spells                   Type           Power      Damage    Failure   Level
 Beastly Appendage        Tmut           0%         N/A       93%         1
 Necrotise                Necr           0%         1d4       93%         1
 Wereblood                Tmut           0%         N/A       98%         2
 Gell's Gravitas          Tloc           0%         N/A       100%        3
 Spider Form              Tmut/Pois      0%         N/A       100%        3
 Teleport Other           Tloc           0%         N/A       100%        3
 Vampiric Draining        Necr           0%         2d6       100%        3
 Passage of Golubria      Tloc           0%         N/A       100%        4
 Agony                    Necr           0%         N/A       100%        5
 Yara's Violent Unravell  Hex/Tmut       0%         3d3       100%        5
 Dispersal                Tloc           0%         N/A       100%        6
 Tukima's Dance           Hex            Unusable   N/A       N/A         3

Dungeon Overview and Level Annotations

Branches:
Dungeon (7/15)             Temple (1/1) D:4

Altars:
Cheibriados
Dithmenos
Elyvilon
Fedhas
Gozag
Kikubaaqudgha
Nemelex Xobeh
Okawaru
Qazlal
Ru
Trog
Uskayaw
Wu Jian
Xom
Yredelemnul
The Shining One

Shops:
D:2 [


Innate Abilities, Weirdness & Mutations

You are immune to sickness and miasma.
Your stone body is resilient. (AC +6)
You are immune to poison.
You resist negative energy. (rN+)
You are resistant to electric shocks. (rElec)
You are resistant to unholy torment.
You are immune to petrification.


Message History

You sock the hound!
You kill the hound!
Okawaru accepts your kill.
Your Armour skill increases to level 7!
You completely miss the gargoyle. You block the gargoyle's attack. x2
You completely miss the gargoyle.
The gargoyle hits you with a +0 morningstar.
You hit the gargoyle but do no damage.
The gargoyle hurls a stone arrow at you.
The stone arrow hits you!
You hit the gargoyle but do no damage.
The gargoyle hits you with a +0 morningstar!
You hit the gargoyle but do no damage.
The gargoyle hits you with a +0 morningstar.
You hit the gargoyle but do no damage. The gargoyle completely misses you.
An orc comes into view. It is wielding a +0 spear.
The gargoyle hurls a stone arrow at you.
You block the stone arrow.
The orc shouts!
You sock the gargoyle!
The gargoyle is heavily damaged.
You hear a shout!
The gargoyle hits you with a +0 morningstar!
You hit the gargoyle.
The gargoyle is heavily damaged.
You block the gargoyle's attack. You block the orc's attack.
You thump the gargoyle!
The gargoyle is severely damaged.
The gargoyle hurls a stone arrow at you.
You block the stone arrow. The orc hits you but does no damage.
You barely miss the gargoyle.
The gargoyle is severely damaged.
The gargoyle hits you with a +0 morningstar!!
* * * LOW HITPOINT WARNING * * *
You block the orc's attack.
You hit the gargoyle but do no damage.
The gargoyle is severely damaged.
The gargoyle hurls a stone arrow at you.
The stone arrow hits you!!
You die...

.## ..# ..# ### ##..#
#.##..## #$..# ###......##
#...# #.........## #...#
...........## #...#
..<[........# ##o..######
.)..........#####9Wo.......
............##..@##........
....).........####...9.....
............### #..........
..).........# #..........
#...........# ...........
..#........## #..........#
.#####....?## .o...).....#
# ####...# #..........##
### #...#


You could see a gargoyle, a phantom and 2 orcs.

Vanquished Creatures
  A steam dragon (D:7)
  A black bear (D:5)
  2 ice beasts
  An ogre (D:7)
  A phantom (D:3)
  2 kobold brigands (D:6)
  5 scorpions
  3 howler monkeys (D:7)
  3 jellies
  6 hounds
  An orc priest (D:4)
  Crazy Yiuf (D:6)
  4 iguanas
  An orc wizard (D:4)
  7 adders
  A white imp (D:6)
  3 ufetubi
  A worm (D:2)
  A dart slug (D:1)
  15 orcs
  9 ball pythons
  10 bats
  9 endoplasms
  6 giant cockroaches
  6 hobgoblins
  3 jackals (D:4)
  4 quokkas
  2 frilled lizards (D:1)
  5 goblins
  14 kobolds
  9 rats
137 creatures vanquished.

Notes
Turn   | Place    | Note
-------+----------+-------------------------------------------
     0 | D:1      | Dittersdorf the Gargoyle Fighter began the quest for the
                  | Orb.
     0 | D:1      | Reached XP level 1. HP: 14/14 MP: 1/1
    95 | D:1      | Reached XP level 2. HP: 10/19 MP: 2/2
   389 | D:1      | Reached XP level 3. HP: 17/23 MP: 3/3
  1043 | D:2      | Found an opulent altar of Gozag.
  1210 | D:2      | Found a faded altar of an unknown god.
  1240 | D:2      | Reached XP level 4. HP: 29/29 MP: 4/4
  1462 | D:2      | Found Emmeiw's Armour Shop.
  1553 | D:2      | Reached skill level 4 in Armour
  1623 | D:3      | Noticed a phantom
  1636 | D:3      | Killed a phantom
  1637 | D:3      | Reached XP level 5. HP: 27/33 MP: 5/5
  2107 | D:3      | Found an opulent altar of Gozag.
  2223 | D:4      | Identified a scroll of acquirement
  2223 | D:4      | Acquired the +5 kite shield of Unoocw {rF+ Regen+ Str+3
                  | Stlth-}
  2288 | D:4      | Reached XP level 6. HP: 39/39 MP: 6/6
  2408 | D:4      | Found a staircase to the Ecumenical Temple.
  2416 | Temple   | Entered the Ecumenical Temple
  3129 | D:5      | Entered Level 5 of the Dungeon
  3142 | D:5      | Reached skill level 5 in Armour
  3249 | D:5      | Reached skill level 5 in Fighting
  3250 | D:5      | Found a hide-covered altar of Uskayaw.
  3257 | D:5      | Reached skill level 5 in Shields
  3257 | D:5      | Reached XP level 7. HP: 33/44 MP: 7/7
  4030 | D:6      | Found a shimmering altar of Xom.
  4067 | D:6      | Reached XP level 8. HP: 51/51 MP: 8/8
  4069 | D:6      | Identified the +0 pair of gloves of the Constellations
                  | {Int+4}
  4111 | D:6      | Reached skill level 6 in Armour
  4180 | D:6      | Found a runed translucent door.
  4181 | D:6      | Noticed Crazy Yiuf
  4209 | D:6      | Reached skill level 5 in Maces & Flails
  4390 | D:6      | Found an iron altar of Okawaru.
  4398 | D:6      | Became a worshipper of Warmaster Okawaru
  4473 | D:6      | Found an ornate altar of the Wu Jian Council.
  4857 | D:6      | Killed Crazy Yiuf
  4925 | D:7      | Identified the +4 war axe of Chance {freeze, rF+ Int+3}
  4944 | D:7      | Reached XP level 9. HP: 50/56 MP: 9/9
  4982 | D:7      | Noticed a gargoyle
  4989 | D:7      | Reached skill level 7 in Armour
  5000 | D:7      | Killed from afar by a gargoyle

Illustrated notes

Levels and vault maps discovered:
D:1:      dpeg_arrival_rooms_with_view, layout_basic
D:2:      layout_loops_ring, basic_altar, serial_shops, nicolae_shop_stone,
          shapermc_ecumenical_altar_totnotflames
D:3:      layout_rooms, grunt_gozag_statues
D:4:      layout_loops_ring, minmay_temple_entry_gardened_gates
D:5:      layout_cave_pods, marbit_many_paths, kennysheep_generic_room_2
D:6:      layout_gridville, mainiacjoe_overflow_brackets,
          okawaru_ov_weapons_minmay, mainiacjoe_overflow_small_starburst,
          uniq_crazy_yiuf_cottage
D:7:      layout_cave_pods, makhleb_altar_promises_db
Temple:   chequers_temple_sunken

Skill      XL: |  1  2  3  4  5  6  7  8  9 |
---------------+----------------------------+-----
Armour         | 4 5 6 7 |  7.0
Fighting       | 4 5 6 |  6.9
Maces & Flails | 3 4 5 |  5.9
Shields        | 4 5 6 |  6.9

Action                     |  1- 3 |  4- 6 |  7- 9 || total
---------------------------+-------+-------+-------++-------
  Melee: Flail             |   125 |   212 |   184 ||   521
  Throw: Dart              |       |       |     1 ||     1
    Use: Scroll            |       |    13 |     3 ||    16
 Armour: Scale mail        |    64 |    13 |       ||    77
         Chain mail        |       |   206 |   110 ||   316
  Dodge: Dodged            |    54 |   116 |    61 ||   231
  Block: Buckler           |    25 |    36 |       ||    61
         Kite shield       |       |   138 |   195 ||   333

Table legend: (Time is in decaauts)
 A = Elapsed time spent in this place.
 B = Non-inter-level travel time spent in this place.
 C = Inter-level travel time spent in this place.
 D = Time resting spent in this place.
 E = Time spent auto-exploring this place.
 F = Levels seen in this place.
 G = Mean time per level.
                   A        B        C        D        E       F      G
               +--------+--------+--------+--------+--------+-----+--------+
         Total |   5190 |   4905 |    285 |    112 |   3551 |   8 |  648.8 |
       Dungeon |   4954 |   4700 |    254 |    112 |   3354 |   7 |  707.7 |
        Temple |    235 |    205 |     30 |      0 |    197 |   1 |  235.0 |
               +--------+--------+--------+--------+--------+-----+--------+

Top non-repeatable levels by time:
     D:6: 963 daAuts
     D:1: 891 daAuts
     D:5: 831 daAuts
     D:4: 794 daAuts
     D:2: 774 daAuts
     D:3: 567 daAuts
  Temple: 235 daAuts
     D:7: 130 daAuts
